[ AOE2 MATCH · #495821933 ]
UnrankedShu vs Vietnamese
Player's team · WIN
Rival team · LOSS
[ REPLAY ANALYSIS · EXTRACTED FROM THE RECORDED GAME ]
Feudal
10:15
Castle
19:26
Imperial
34:15
| APM avg | 57.2 |
| APM peak | 91 |
| eAPM avg | 25.6 |
| Villagers / military | 177 / 202 |
Focus
⚔️ 46.6% · 🌾 53.4%
Militia ×88 · Skirmisher ×74 · Archer ×36 · Unknown (1962) ×15 · Unknown (1942) ×12 · Monk ×2
Feudal
8:53
Castle
22:40
Imperial
34:43
| APM avg | 50.4 |
| APM peak | 76 |
| eAPM avg | 23.1 |
| Villagers / military | 179 / 168 |
Focus
⚔️ 38.3% · 🌾 61.7%
Skirmisher ×130 · Archer ×14 · Scout Cavalry ×8 · Bombard Cannon ×8 · Mangonel ×5 · Knight ×2
Match map
Initial resources + every placement click. Lines = walls · curves = elevation contours. ◆ gold · ⬟ stone · ● berries · ✦ relic · ◌ wall gap
Your base· Open — unwalled flank
NachoMontes's base· ✓ Closed at 22:40 · 20t walls · no gate
Smoothed initial terrain · ◌ = detected wall gap · hover for details
Inputs per minute
— Fs.Jubileu - - NachoMontes
Build order — Fs.Jubileu
First 150 of 558 actions detected
| 0:00 | Create | Villager (Male) |
| 0:00 | Create | Villager (Male) |
| 0:00 | Create | Villager (Male) |
| 0:00 | Create | Villager (Male) |
| 0:00 | Create | Villager (Male) |
| 0:00 | Create | Villager (Male) |
| 0:00 | Create | Villager (Male) |
| 0:00 | Create | Villager (Male) |
| 0:00 | Create | Villager (Male) |
| 0:00 | Create | Villager (Male) |
| 0:00 | Create | Villager (Male) |
| 0:02 | Build | House |
| 0:03 | Build | House |
| 1:33 | Create | Villager (Male) |
| 1:33 | Create | Villager (Male) |
| 1:57 | Create | Villager (Male) |
| 2:28 | Create | Villager (Male) |
| 2:36 | Build | Barracks |
| 2:49 | Create | Villager (Male) |
| 3:06 | Build | House |
| 3:12 | Create | Villager (Male) |
| 3:29 | Create | Militia |
| 3:48 | Create | Villager (Male) |
| 3:59 | Create | Militia |
| 4:05 | Build | House |
| 4:12 | Create | Villager (Male) |
| 4:26 | Create | Militia |
| 4:40 | Create | Villager (Male) |
| 4:55 | Create | Villager (Male) |
| 5:15 | Create | Villager (Male) |
| 5:42 | Create | Villager (Male) |
| 6:13 | Build | Lumber Camp |
| 6:17 | Create | Villager (Male) |
| 6:28 | Create | Villager (Male) |
| 7:01 | Research | Loom |
| 7:04 | Create | Villager (Male) |
| 7:04 | Research | Loom |
| 8:05 | Research | Feudal Age |
| 8:25 | Build | Mill |
| 9:59 | Create | Villager (Male) |
| 10:05 | Build | House |
| 10:15 | Age | Feudal Age |
| 10:20 | Build | Archery Range |
| 10:21 | Create | Villager (Male) |
| 10:27 | Build | Farm |
| 10:30 | Research | Double-Bit Axe |
| 10:30 | Research | Double-Bit Axe |
| 10:31 | Create | Villager (Male) |
| 10:43 | Build | House |
| 10:43 | Build | Palisade Wall |
| 10:52 | Create | Villager (Male) |
| 10:56 | Build | Farm |
| 11:03 | Create | Skirmisher |
| 11:03 | Create | Skirmisher |
| 11:20 | Create | Villager (Male) |
| 11:22 | Build | Farm |
| 11:24 | Build | Farm |
| 11:38 | Create | Skirmisher |
| 11:41 | Create | Villager (Male) |
| 11:51 | Build | Farm |
| 12:04 | Create | Villager (Male) |
| 12:05 | Create | Spearman |
| 12:09 | Build | Farm |
| 12:29 | Build | Farm |
| 12:39 | Create | Villager (Male) |
| 12:44 | Build | House |
| 12:46 | Build | House |
| 12:53 | Create | Villager (Male) |
| 13:13 | Build | Mining Camp |
| 13:23 | Create | Villager (Male) |
| 13:42 | Create | Villager (Male) |
| 13:58 | Create | Skirmisher |
| 13:59 | Create | Skirmisher |
| 14:09 | Build | Palisade Wall |
| 14:20 | Build | Palisade Wall |
| 14:31 | Create | Villager (Male) |
| 14:33 | Build | Farm |
| 14:44 | Build | Palisade Wall |
| 14:51 | Create | Skirmisher |
| 14:54 | Create | Skirmisher |
| 15:07 | Create | Villager (Male) |
| 15:26 | Create | Villager (Male) |
| 15:47 | Create | Villager (Male) |
| 15:49 | Build | Farm |
| 15:50 | Build | Farm |
| 15:50 | Build | Farm |
| 15:50 | Build | Farm |
| 15:50 | Build | Farm |
| 16:17 | Build | Blacksmith |
| 16:43 | Build | Lumber Camp |
| 16:46 | Research | Castle Age |
| 16:56 | Create | Skirmisher |
| 17:05 | Research | Fletching |
| 17:11 | Build | House |
| 17:16 | Create | Skirmisher |
| 17:46 | Build | Archery Range |
| 17:53 | Build | Palisade Wall |
| 18:04 | Research | Gold Mining |
| 18:08 | Create | Skirmisher |
| 18:08 | Create | Skirmisher |
| 18:24 | Build | House |
| 18:28 | Build | House |
| 18:47 | Research | Padded Archer Armor |
| 18:48 | Research | Padded Archer Armor |
| 18:49 | Create | Skirmisher |
| 19:03 | Create | Skirmisher |
| 19:06 | Research | Horse Collar |
| 19:11 | Create | Villager (Male) |
| 19:14 | Build | Farm |
| 19:16 | Build | Farm |
| 19:26 | Age | Castle Age |
| 19:48 | Build | Town Center |
| 19:51 | Create | Villager (Male) |
| 20:03 | Research | Bodkin Arrow |
| 20:03 | Research | Bodkin Arrow |
| 20:05 | Create | Skirmisher |
| 20:12 | Build | Farm |
| 20:16 | Create | Villager (Male) |
| 20:35 | Create | Archer |
| 20:35 | Create | Archer |
| 20:43 | Create | Villager (Male) |
| 20:47 | Build | Town Center |
| 21:03 | Create | Villager (Male) |
| 21:13 | Create | Villager (Male) |
| 21:22 | Create | Villager (Male) |
| 21:31 | Create | Archer |
| 21:32 | Create | Archer |
| 21:35 | Create | Villager (Male) |
| 21:38 | Build | Farm |
| 21:40 | Build | Farm |
| 22:07 | Create | Villager (Male) |
| 22:07 | Create | Villager (Male) |
| 22:11 | Build | Farm |
| 22:12 | Build | Farm |
| 22:18 | Create | Villager (Male) |
| 22:18 | Create | Villager (Male) |
| 22:19 | Create | Villager (Male) |
| 22:19 | Create | Villager (Male) |
| 22:20 | Create | Archer |
| 22:21 | Create | Archer |
| 22:24 | Create | Villager (Male) |
| 22:24 | Create | Villager (Male) |
| 22:24 | Create | Villager (Male) |
| 22:24 | Create | Villager (Male) |
| 22:26 | Build | Farm |
| 22:39 | Create | Villager (Male) |
| 22:39 | Create | Villager (Male) |
| 22:39 | Create | Villager (Male) |
| 22:40 | Create | Villager (Male) |
| 22:43 | Create | Archer |
Build order — NachoMontes
First 150 of 502 actions detected
| 0:00 | Create | Villager (Male) |
| 0:02 | Build | House |
| 0:03 | Build | House |
| 0:11 | Create | Villager (Male) |
| 0:13 | Create | Villager (Male) |
| 0:15 | Create | Villager (Male) |
| 1:28 | Create | Villager (Male) |
| 1:59 | Build | Lumber Camp |
| 2:00 | Create | Villager (Male) |
| 2:13 | Create | Villager (Male) |
| 2:44 | Create | Villager (Male) |
| 2:58 | Create | Villager (Male) |
| 3:30 | Create | Villager (Male) |
| 3:52 | Build | House |
| 3:55 | Create | Villager (Male) |
| 4:22 | Build | Mill |
| 4:30 | Create | Villager (Male) |
| 4:34 | Create | Villager (Male) |
| 5:17 | Create | Villager (Male) |
| 5:18 | Create | Villager (Male) |
| 5:26 | Build | Palisade Wall |
| 5:27 | Build | Palisade Wall |
| 5:35 | Research | Loom |
| 6:10 | Build | Palisade Gate |
| 6:12 | Create | Villager (Male) |
| 6:43 | Research | Feudal Age |
| 7:38 | Create | Villager (Male) |
| 7:40 | Build | Barracks |
| 8:07 | Create | Villager (Male) |
| 8:14 | Build | House |
| 8:53 | Age | Feudal Age |
| 8:56 | Create | Spearman |
| 8:57 | Research | Double-Bit Axe |
| 9:15 | Build | Archery Range |
| 9:50 | Create | Villager (Male) |
| 9:51 | Create | Villager (Male) |
| 10:00 | Build | Mining Camp |
| 10:18 | Build | House |
| 10:27 | Create | Archer |
| 10:32 | Build | House |
| 10:33 | Build | House |
| 10:35 | Create | Villager (Male) |
| 10:42 | Create | Villager (Male) |
| 10:46 | Build | Farm |
| 11:12 | Build | Farm |
| 11:22 | Create | Archer |
| 11:23 | Create | Villager (Male) |
| 11:32 | Create | Villager (Male) |
| 11:49 | Create | Villager (Male) |
| 11:54 | Create | Archer |
| 11:56 | Build | Farm |
| 11:56 | Research | Horse Collar |
| 11:59 | Build | Farm |
| 12:05 | Create | Archer |
| 12:10 | Build | House |
| 12:35 | Create | Villager (Male) |
| 12:36 | Create | Villager (Male) |
| 12:48 | Build | House |
| 12:49 | Create | Villager (Male) |
| 12:52 | Create | Archer |
| 12:53 | Create | Villager (Male) |
| 12:57 | Build | Blacksmith |
| 13:11 | Create | Villager (Male) |
| 13:15 | Build | House |
| 13:47 | Create | Villager (Male) |
| 13:49 | Build | Stable |
| 13:59 | Research | Fletching |
| 14:01 | Build | Farm |
| 14:02 | Create | Villager (Male) |
| 14:11 | Create | Archer |
| 14:12 | Create | Archer |
| 14:26 | Build | Palisade Wall |
| 14:28 | Build | House |
| 14:45 | Create | Villager (Male) |
| 14:45 | Create | Archer |
| 14:49 | Build | Farm |
| 14:59 | Build | House |
| 15:00 | Create | Villager (Male) |
| 15:02 | Build | Farm |
| 15:02 | Create | Villager (Male) |
| 15:12 | Create | Scout Cavalry |
| 15:14 | Build | House |
| 15:16 | Create | Villager (Male) |
| 15:20 | Build | House |
| 15:42 | Create | Villager (Male) |
| 15:50 | Build | Farm |
| 16:15 | Build | Farm |
| 16:15 | Create | Villager (Male) |
| 16:20 | Build | Palisade Wall |
| 16:25 | Create | Villager (Male) |
| 16:35 | Build | Farm |
| 16:36 | Create | Villager (Male) |
| 16:43 | Create | Scout Cavalry |
| 16:45 | Create | Archer |
| 17:12 | Create | Villager (Male) |
| 17:20 | Create | Villager (Male) |
| 17:21 | Create | Archer |
| 17:27 | Build | Farm |
| 17:28 | Build | Farm |
| 17:30 | Create | Villager (Male) |
| 17:45 | Research | Wheelbarrow |
| 17:55 | Create | Villager (Male) |
| 18:01 | Build | Farm |
| 18:05 | Create | Archer |
| 18:13 | Build | Palisade Wall |
| 18:18 | Create | Archer |
| 18:19 | Create | Scout Cavalry |
| 18:50 | Build | Market |
| 18:58 | Create | Villager (Male) |
| 19:04 | Build | House |
| 19:17 | Build | House |
| 19:21 | Create | Villager (Male) |
| 19:22 | Create | Archer |
| 20:00 | Research | Castle Age |
| 20:06 | Build | Palisade Wall |
| 20:13 | Build | Palisade Gate |
| 20:17 | Build | Palisade Wall |
| 20:32 | Build | Lumber Camp |
| 20:48 | Build | Farm |
| 21:23 | Create | Villager (Male) |
| 21:49 | Create | Villager (Male) |
| 21:55 | Build | Farm |
| 22:00 | Build | House |
| 22:07 | Create | Villager (Male) |
| 22:38 | Create | Villager (Male) |
| 22:40 | Age | Castle Age |
| 22:41 | Build | Town Center |
| 22:42 | Research | Bow Saw |
| 22:43 | Research | Crossbowman (upgrade) |
| 22:44 | Research | Bodkin Arrow |
| 22:50 | Build | Farm |
| 22:54 | Create | Knight |
| 23:06 | Build | Siege Workshop |
| 23:18 | Create | Villager (Male) |
| 23:19 | Create | Villager (Male) |
| 23:29 | Create | Villager (Male) |
| 23:31 | Research | Gold Mining |
| 23:35 | Create | Villager (Male) |
| 23:51 | Create | Villager (Male) |
| 23:57 | Create | Mangonel |
| 24:01 | Build | Farm |
| 24:03 | Create | Villager (Male) |
| 24:04 | Create | Villager (Male) |
| 24:05 | Create | Villager (Male) |
| 24:11 | Create | Knight |
| 24:20 | Create | Villager (Male) |
| 24:23 | Build | Farm |
| 24:27 | Create | Mangonel |
| 24:36 | Create | Villager (Male) |
| 24:37 | Build | Farm |
Match timeline
| 2:36 | Fs.Jubileu · first_building Barracks |
| 5:26 | NachoMontes · wall_segment Palisade Wall x1 |
| 5:27 | NachoMontes · wall_segment Palisade Wall x1 |
| 7:40 | NachoMontes · first_building Barracks |
| 8:53 | NachoMontes · age_up feudal |
| 9:15 | NachoMontes · first_building Archery Range |
| 10:15 | Fs.Jubileu · age_up feudal |
| 10:20 | Fs.Jubileu · first_building Archery Range |
| 10:43 | Fs.Jubileu · wall_segment Palisade Wall x1 |
| 13:49 | NachoMontes · first_building Stable |
| 14:09 | Fs.Jubileu · wall_segment Palisade Wall x7 |
| 14:20 | Fs.Jubileu · wall_segment Palisade Wall x11 |
| 14:26 | NachoMontes · wall_segment Palisade Wall x4 |
| 14:44 | Fs.Jubileu · wall_segment Palisade Wall x4 |
| 16:20 | NachoMontes · wall_segment Palisade Wall x4 |
| 17:53 | Fs.Jubileu · wall_segment Palisade Wall x14 |
| 18:13 | NachoMontes · wall_segment Palisade Wall x1 |
| 19:26 | Fs.Jubileu · age_up castle |
| 19:42 | NachoMontes · first_market_sell 100 wood |
| 19:43 | NachoMontes · first_market_buy 100 food |
| 20:06 | NachoMontes · wall_segment Palisade Wall x1 |
| 20:17 | NachoMontes · wall_segment Palisade Wall x8 |
| 22:40 | NachoMontes · age_up castle |
| 23:06 | NachoMontes · first_building Siege Workshop |
| 27:15 | Fs.Jubileu · first_building Siege Workshop |
| 29:46 | Fs.Jubileu · first_building Monastery |
| 30:56 | Fs.Jubileu · first_market_sell 500 wood |
| 34:15 | Fs.Jubileu · age_up imperial |
| 34:43 | NachoMontes · age_up imperial |
| 38:29 | Fs.Jubileu · first_building Castle |
| 40:10 | NachoMontes · first_building Castle |
| 46:52 | NachoMontes · resign |
[ AI ANALYSIS · 1 CREDIT ]
What really happened in this match?
Wolo.gg analyzes every decision: build order, eco, micro, common mistakes by bracket. Personalized analysis on WhatsApp or Discord in 30 seconds.
Civ guide
Shu
Perfil
Jugador #284552